 Dungeon Sprint DCSS version 0.31.0-11-ge490571c62 (webtiles) character file.

Game seed: 15197735126349757697

83 boopmooplesden the Covered (level 4, -1/41 HPs)
             Began as an Armataur Fighter on Feb 1, 2024.
             Was a Believer of Trog.
             Slain by a kobold brigand
             ... wielding a +0 dagger
              (6 damage)
             ... in the Dungeon (Sprint VII: "The Pits").
             The game lasted 00:00:41 (264 turns).

boopmooplesden the Covered (Armataur Fighter)        Turns: 264, Time: 00:00:42

Health: -1/41      AC:  7    Str: 22    XL:     4   Next: 22%
Magic:  4/4        EV:  7    Int:  8    God:    Trog [**....]
Gold:   0          SH:  5    Dex: 11    Spells: 3/3 levels left

rFire   . . .        a - +0 long sword
rCold   . . .        c - +0 buckler
rNeg    . . .        b - +0 scale mail
rPois   .            (no helmet)
rElec   .            (no cloak)
rCorr   .            (no gloves)
SInv    .            (no barding)
Will    .....        (no amulet) Stlth
                     (no ring)
HPRegen 0.26/turn    (no ring)
MPRegen 0.09/turn

%: no teleportation, roll
@: mighty, on berserk cooldown
A: large, deformed body, tough skin 3, armoured tail, roll 1
a: Renounce Religion, Berserk, Trog's Hand


You were in the Dungeon.
You worshipped Trog.
Trog was pleased with you.
You visited 1 branch

Inventory:

Hand Weapons
 a - a +0 long sword (weapon)
 k - a +2 falchion
Armour
 b - a +0 scale mail (worn)
 c - a +0 buckler (worn)
Scrolls
 j - a scroll of blinking
 m - 2 scrolls of vulnerability
 n - 5 scrolls of amnesia
 o - a scroll of butterflies
Potions
 g - a potion of haste
 h - 4 potions of magic
 i - 3 potions of berserk rage
 l - 2 potions of invisibility


   Skills:
 + Level 4.8 Fighting
 + Level 3.1 Long Blades
 + Level 6.5 Armour
 + Level 0.9 Dodging
 + Level 5.7 Shields


You had 3 spell levels left.
You didn't know any spells.
Your spell library was empty.

Dungeon Overview and Level Annotations

Branches:
Dungeon (1/1)

Altars:
Cheibriados
Dithmenos
Elyvilon
Fedhas
Gozag
Hepliaklqana
Makhleb
Nemelex Xobeh
Okawaru
Qazlal
Ru
Sif Muna
Trog
Vehumet
Wu Jian
Xom
Yredelemnul
Zin
The Shining One
Jiyva
Lugonu


Innate Abilities, Weirdness & Mutations

Armour fits poorly on your strangely shaped body.
You have extremely tough skin. (AC +3)
You have a long armoured tail.
You regenerate magic when rolling toward enemies. (Rampage MPRegen)


Message History

The kobold brigand hits you with a +0 dagger.
* * * LOW HITPOINT WARNING * * *
You hit the kobold brigand.
The kobold brigand is moderately wounded.
The kobold brigand barely misses you.
The kobold brigand hits you with a +0 dagger.
* * * LOW HITPOINT WARNING * * *
Unknown command.
You feel better.
The kobold brigand hits you with a +0 dagger.
* * * LOW HITPOINT WARNING * * *
You closely miss the kobold brigand.
Your tail-slap misses the kobold brigand.
The kobold brigand is moderately wounded.
The kobold brigand hits you with a +0 dagger.
* * * LOW HITPOINT WARNING * * *
The kobold brigand hits you with a +0 dagger.
* * * LOW HITPOINT WARNING * * *
You hit the kobold brigand.
The kobold brigand is moderately wounded.
You block the kobold brigand's attack. The kobold brigand barely misses you.
You slash the kobold brigand!
The kobold brigand is severely wounded.
The kobold brigand hits you but does no damage. x2
You barely miss the kobold brigand.
The kobold brigand is severely wounded.
The kobold brigand hits you with a +0 dagger.
* * * LOW HITPOINT WARNING * * *
You block the kobold brigand's attack.
You feel very mighty all of a sudden.
The kobold brigand hits you with a +0 dagger.
* * * LOW HITPOINT WARNING * * *
The kobold brigand hits you with a +0 dagger.
* * * LOW HITPOINT WARNING * * *
You miss the kobold brigand.
The kobold brigand is severely wounded.
You feel yourself speed up. You block the kobold brigand's attack.
The kobold brigand hits you with a +0 dagger.
You die...

______...###########+
##########'##..........
#..(.')))'.##......#..#
##########.##..........
#...........†..........
+#####†#####......#..#
#...#.# #..........
#..†#.# ####'#####+
#..K@.# #.......#
##'#### #.......# #....
#.......# #.....#
#...<...# #....K..
#.......# #........
#.......# #########
#.......# #########


You could see a kobold brigand.

Vanquished Creatures
  A scorpion (D)
  2 adders (D)
  A giant cockroach (D)
  2 ball pythons (D)
  A bat (D)
  A rat (D)
8 creatures vanquished.

Notes
Turn   | Place    | Note
-------+----------+-------------------------------------------
     0 | D        | boopmooplesden the Armataur Fighter began the quest for the
                  | Orb.
     0 | D        | Reached XP level 1. HP: 18/18 MP: 1/1
    17 | D        | Reached skill level 4 in Armour
    17 | D        | Reached XP level 2. HP: 9/26 MP: 2/2
    43 | D        | Found a bloodstained altar of Trog.
    43 | D        | Found a shimmering blue altar of Sif Muna.
    43 | D        | Found a viscous altar of Jiyva.
    43 | D        | Found a hazy altar of Hepliaklqana.
    43 | D        | Found an opulent altar of Gozag.
    44 | D        | Found a glowing golden altar of the Shining One.
    44 | D        | Found a glowing silver altar of Zin.
    44 | D        | Found a basalt altar of Yredelemnul.
    44 | D        | Found a shimmering altar of Xom.
    44 | D        | Found an ornate altar of the Wu Jian Council.
    44 | D        | Found a sacrificial altar of Ru.
    44 | D        | Found a stormy altar of Qazlal.
    44 | D        | Found an iron altar of Okawaru.
    44 | D        | Found a sparkling altar of Nemelex Xobeh.
    44 | D        | Found a burning altar of Makhleb.
    44 | D        | Found a blossoming altar of Fedhas.
    44 | D        | Found a white marble altar of Elyvilon.
    44 | D        | Found a shadowy altar of Dithmenos.
    44 | D        | Found a snail-covered altar of Cheibriados.
    46 | D        | Found a corrupted altar of Lugonu.
    46 | D        | Found a radiant altar of Vehumet.
    47 | D        | Became a worshipper of Trog the Wrathful
   217 | D        | Reached * piety under Trog
   229 | D        | Noticed a scorpion
   237 | D        | Killed a scorpion
   237 | D        | Reached ** piety under Trog
   238 | D        | Reached skill level 6 in Armour
   238 | D        | Reached skill level 5 in Shields
   238 | D        | Reached XP level 3. HP: 33/35 MP: 3/3
   238 | D        | Reached XP level 4. HP: 39/41 MP: 4/4
   242 | D        | Noticed a kobold brigand
   256 | D        | HP: 2/41 [kobold brigand/+0 dagger (4)]
   264 | D        | Slain by a kobold brigand

Illustrated notes

Levels and vault maps discovered:
D:        pitsprint [storerooms_1, entrance_room_1, metal_vault_5, armoury_2,
          mini_pit_1, grid_room_1, main_hall_1, silver_pit, the_coven_2,
          the_vestibule_1, steel_vault_3, golden_pit, hallway_of_sentries,
          crystal_vault_4, iron_vault_3, final_vault]

Skill      XL: |  1  2 |
---------------+-------+-----
Fighting       | 3 4 |  4.8
Long Blades    | 2 3 |  3.1
Armour         | 4 6 |  6.5
Shields        | 4 5 |  5.7
Dodging        | |  0.9

Action                     |  1- 3 |  4- 6 || total
---------------------------+-------+-------++-------
  Melee: Long sword        |    28 |    16 ||    44
         Tailslap          |     3 |     1 ||     4
 Invoke: Berserk           |     1 |       ||     1
    Use: Potion            |       |     3 ||     3
 Armour: Scale mail        |    29 |    21 ||    50
  Dodge: Dodged            |    12 |     5 ||    17
  Block: Buckler           |     8 |     8 ||    16
